 Dungeon Crawl Stone Soup version 0.25-a0-464-g3004169c2b (webtiles) character file.

Game seed: 9933797862345081516, levelgen mode: deterministic

74 ChaosChampion the Conjurer (level 3, -1/26 HPs)
             Began as a Demigod Conjurer on Feb 5, 2020.
             Slain by Sigmund
             ... wielding a +0 scythe
              (10 damage)
             ... on level 2 of the Dungeon.
             The game lasted 00:03:24 (1244 turns).

ChaosChampion the Conjurer (Demigod Conjurer)       Turns: 1244, Time: 00:03:24

Health: -1/26      AC:  2    Str: 11    XL:     3   Next: 85%
Magic:  1/9        EV: 12    Int: 21    God:
Gold:   76         SH:  0    Dex: 16    Spells: 3/6 levels left

rFire    . . .     SeeInvis .   (no weapon)
rCold    . . .     Gourm    .   (no shield)
rNeg     . . .     Faith    .   a - +0 robe
rPois    .         Spirit   .   (no helmet)
rElec    .         Reflect  .   (no cloak)
rCorr    .         Harm     +   (no gloves)
MR       .....                  (no boots)
Stlth    ++........             h - amulet of harm
HPRegen  0.08/turn              (no ring)
MPRegen  0.11/turn              (no ring)

@: no status effects
A: high mp 1
a: no special abilities


You were on level 2 of the Dungeon.
You were not hungry.

You visited 1 branch of the dungeon, and saw 2 of its levels.

You collected 76 gold pieces.

Inventory:

Missiles
 g - 33 poisoned darts (quivered)
Armour
 a - a +0 robe (worn)
Jewellery
 h - an amulet of harm (around neck)
Scrolls
 b - 2 scrolls of remove curse {unknown}
 d - 2 scrolls of identify {unknown}
 e - a scroll of enchant armour {unknown}
 j - a scroll of fog {unknown}
 m - a scroll of fear {unknown}
Potions
 f - a potion of curing {unknown}
 i - a potion of brilliance {unknown}
 k - a potion of berserk rage {unknown}
Comestibles
 c - 2 rations


   Skills:
 - Level 1.9 Dodging
 - Level 2.1 Stealth
 + Level 2.2 Spellcasting
 * Level 4.6 Conjurations


You had 3 spell levels left.
You knew the following spells:

 Your Spells              Type           Power        Failure   Level  Hunger
a - Magic Dart            Conj           ###.         1%          1    #......
b - Searing Ray           Conj           ###...       3%          2    ##.....

Your spell library contained the following spells:

 Spells                   Type           Power        Failure   Level  Hunger
 Dazzling Flash           Conj/Hex       ##....       17%         3    ###....
 Fulminant Prism          Conj/Hex       ##........   50%         4    #####..
 Iskenderun's Mystic Bla  Conj/Tloc      ##......     50%         4    #####..


Dungeon Overview and Level Annotations

Branches:
Dungeon (2/15)

Annotations:
D:2 Sigmund


Innate Abilities, Weirdness & Mutations

You have an increased reservoir of magic. (+10% MP)


Message History

The rat is moderately wounded.
Something hits you! The rat bites you.
Unknown command.
Casting: Searing Ray (safe; 3% risk of failure)
Confirm with . or Enter, or press ? or * to list all spells.
Aiming: Searing Ray (safe; 3% risk of failure)
Press: ? - help, Shift-Dir - straight line, f - rat
Aim: a rat The searing ray hits the rat.
The rat is severely wounded.
The searing ray hits the jackal!
You kill the jackal! (Press . to maintain the ray.)
The rat bites you but does no damage. Something hits you.
The searing ray misses the rat.
The searing ray hits something!
The rat bites you.
The searing ray hits the rat.
You kill the rat!
The searing ray hits something.
Something hits you!
You die...

##### # #... ..
#####.# #.
###.@†.r# #.
###..>####.......
# #.###...###
.h.....
#.##...).###
....h..
#...#..###
.......
#.#....###
.....h.
#.†......#######
.......
....###..........
.......
##..........####


You could see a rat.

Vanquished Creatures
  3 gnolls (D:2)
  A worm (D:2)
  A leopard gecko (D:1)
  4 giant cockroaches (D:1)
  4 goblins (D:1)
  5 hobgoblins
  7 jackals
  2 bats
  3 frilled lizards
  5 kobolds
  4 rats
39 creatures vanquished.

Notes
Turn   | Place    | Note
-------+----------+-------------------------------------------
     0 | D:1      | ChaosChampion the Demigod Conjurer began the quest for the
                  | Orb.
     0 | D:1      | Reached XP level 1. HP: 14/14 MP: 5/5
   264 | D:1      | Reached XP level 2. HP: 20/20 MP: 2/7
   353 | D:1      | Learned a level 2 spell: Searing Ray
   356 | D:1      | Reached skill level 4 in Conjurations
   891 | D:2      | Reached XP level 3. HP: 4/26 MP: 1/8
  1169 | D:2      | Noticed Sigmund
  1244 | D:2      | Slain by Sigmund

Levels and vault maps discovered:
D:1:      minmay_arrival_glassed_features, layout_basic,
          chequers_serial_rivers_small_b
D:2:      layout_rooms, gammafunk_temple_overflow_elements, uniq_sigmund

Skill      XL: |  1  2 |
---------------+-------+-----
Conjurations   | 4 |  4.6
Stealth        | 2 |  2.1
Spellcasting   | 2 |  2.2
Dodging        | |  1.9

Action                   || total
-------------------------++-------
Melee: Unarmed           ||    19
 Cast: Magic Dart        ||    74
       Searing Ray       ||     5
  Eat: Chunk             ||     2
Armor: Robe              ||     4
Dodge: Dodged            ||    22

Table legend:
 A = Non-vault XP
 B = Vault XP
 C = Vault XP percentage of total XP
 D = Non-vault monster count
 E = Vault monster count
 F = Vault count percentage of total count
                 A         B        C        D         E       F
            +---------+---------+-------+---------+---------+-------
      Total |     106 |       0 |   0.0 |      39 |       0 |   0.0
            +---------+---------+-------+---------+---------+-------
        D:1 |      41 |       0 |   0.0 |      24 |       0 |   0.0
        D:2 |      65 |       0 |   0.0 |      15 |       0 |   0.0
            +---------+---------+-------+---------+---------+-------
